 Dungeon Crawl Stone Soup version 0.31-a0-1611-g890cdf5628 (webtiles) character file.

Game seed: 18083559291029824644

620 Laraso the Firebug (level 7, 33/50 HPs)
             Began as a Green Draconian Fire Elementalist on Jan 9, 2024.
             Was a Follower of Sif Muna.
             Quit the game on level 4 of the Dungeon.
             The game lasted 00:06:38 (4468 turns).

Laraso the Firebug (DrFE)                           Turns: 4468, Time: 00:06:38

Health: 33/50      AC:  7    Str: 10    XL:     7   Next: 22%
Magic:  1/13       EV: 12    Int: 18    God:    Sif Muna [*.....]
Gold:   171        SH:  0    Dex: 17    Spells: 4/14 levels left

rFire   . . .        b - +2 dagger (flame)
rCold   . . .        (no shield)
rNeg    . . .        (body armour unavailable)
rPois   +            (helmet restricted)
rElec   .            (no cloak)
rCorr   .            c - +0 pair of gloves
SInv    .            (no boots)
Will    .....        (no amulet)
Stlth   ++           h - +6 ring of dexterity
HPRegen 0.28/turn    (no ring)
MPRegen 0.13/turn

%: no passive effects
@: no status effects
A: breathe noxious fumes, AC +6, unfitting armour, poison resistance,
cold-blooded
a: Breathe Noxious Fumes, Renounce Religion, Channel Magic


You were on level 4 of the Dungeon.
You worshipped Sif Muna.
Sif Muna was aware of your devotion.
You visited 2 branches of the dungeon, and saw 5 of its levels.
You also visited: Sewer.

You collected 171 gold pieces.

Inventory:

Hand Weapons
 b - a +2 dagger of flaming (weapon)
Armour
 c - a +0 pair of gloves (worn)
Jewellery
 h - a +6 ring of dexterity (left hand)
Wands
 l - a wand of roots (9)
Scrolls
 f - a scroll of fear
 k - a scroll of revelation
 n - a scroll of enchant weapon {unknown}
 o - 4 scrolls of poison
 q - a scroll of teleportation {unknown}
 s - a scroll of immolation {unknown}
 t - 3 scrolls of blinking
Potions
 a - a potion of magic
 d - a potion of berserk rage {unknown}
 e - a potion of might {unknown}
 g - 2 potions of enlightenment
 i - a potion of mutation {unknown}
 j - 2 potions of lignification {unknown}
 m - a potion of ambrosia {unknown}
 p - a potion of attraction {unknown}


   Skills:
 - Level 1.7 Dodging
 - Level 1.7 Stealth
 - Level 4.0 Spellcasting
 * Level 4.1 Conjurations
 - Level 2.0 Translocations
 * Level 5.0 Fire Magic
 * Level 2.5 Invocations


You had 4 spell levels left.
You knew the following spells:

 Your Spells              Type           Power      Damage    Failure   Level
a - Foxfire               Conj/Fire      80%        2x1d8     2%          1
b - Scorch                Fire           42%        2d6       2%          2
c - Volatile Blastmotes   Fire/Tloc      32%        2d12      11%         3
v - Flame Wave            Conj/Fire      20%        2d7       22%         4

Your spell library contained the following spells:

 Spells                   Type           Power      Damage    Failure   Level
 Inner Flame              Hex/Fire       12%        N/A       16%         3
 Ensorcelled Hibernation  Hex/Ice        6%         N/A       22%         2
 Fugue of the Fallen      Necr           3%         N/A       41%         3
 Anguish                  Hex/Necr       1%         N/A       82%         4


Dungeon Overview and Level Annotations

Branches:
Dungeon (4/15)             Temple (1/1) D:4           Sewer (visited)

Altars:
Elyvilon
Gozag
Nemelex Xobeh
Okawaru
Ru
Sif Muna
Trog
Uskayaw
Vehumet
Xom
Zin

Annotations:
D:3 Ijyb
D:4 3 runed translucent doors, whatisthis's ghost, amateur OnMo


Innate Abilities, Weirdness & Mutations

You can breathe blasts of noxious fumes.
Your lurid green scales are hard. (AC +6)
You cannot fit into any form of body armour.
Your system is resistant to poisons. (rPois)
You are cold-blooded and may be slowed by cold attacks.


Message History

Unknown command.
Unknown command.
Casting: Scorch (safe; 3% risk of failure)
Confirm with . or Enter, or press ? or * to list all spells.
Flames lash the hound.
The hound is severely wounded.
The hound's fire resistance burns away.
Something hits you.
Unknown command.
Unknown command.
Unknown command.
You hit the hound but do no damage.
The hound is severely wounded.
The hound misses you. Something hits you!
Unknown command.
Casting: Scorch (safe; 3% risk of failure)
Confirm with . or Enter, or press ? or * to list all spells.
Flames lash the hound.
The hound is burned terribly!
You kill the hound!
Sif Muna accepts your kill.
Unknown command.
Unknown command.
Unknown command.
Casting: Scorch (safe; 3% risk of failure)
Confirm with . or Enter, or press ? or * to list all spells.
Flames lash something.
Sif Muna accepts your kill.
Reactivating autopickup.
You feel a bit more experienced.
Your Conjurations skill increases to level 4!
Your Fire Magic skill increases to level 5!
Your Invocations skill increases to level 2!
You have reached level 7!
Your scales start taking on a lurid green colour.
You learn Alchemy much quicker.
You can breathe blasts of noxious fumes.
You feel resistant to poisons.
Unknown command.
You swing at nothing.
Okay, then.
Are you sure you want to abandon this character and quit the game? (Confirm with "yes".)

.##.....................####..#
..........##..........### ##.#
..#...............#.#.## .#
..###.............#.>... .#
..##...##............... ..
..##.....)....#.#.#..... ..
.....#.##..##.......#
#..###....#####..##.....
.......#### #.@# ... #.##..##
#..# . .....## #.)# ###### #..#
#..# #..# .... ....


There were no monsters in sight!

Vanquished Creatures
  Sigmund (D:4)
  2 bullfrogs (Sewer)
  A hound (D:4)
  Natasha (thrice) (D:3)
  3 gnolls (D:2)
  8 adders
  2 ribbon worms
  10 dart slugs
  2 orcs
  16 ball pythons
  11 endoplasms
  14 giant cockroaches
  6 goblins
  7 hobgoblins
  4 jackals (D:4)
  5 kobolds
  A quokka (D:2)
  4 bats
  11 frilled lizards
  3 rats
114 creatures vanquished.

Vanquished Creatures (others)
  22 foxfires
22 creatures vanquished.

Grand Total: 136 creatures vanquished

Notes
Turn   | Place    | Note
-------+----------+-------------------------------------------
     0 | D:1      | Laraso the Draconian Fire Elementalist began the quest for
                  | the Orb.
     0 | D:1      | Reached XP level 1. HP: 14/14 MP: 3/3
   284 | D:1      | Reached XP level 2. HP: 20/20 MP: 1/5
   777 | D:2      | Reached XP level 3. HP: 24/26 MP: 2/7
   957 | D:2      | Learned a level 2 spell: Scorch
  1404 | D:2      | Reached XP level 4. HP: 33/33 MP: 7/10
  2123 | D:3      | Noticed Natasha
  2139 | D:3      | Killed Natasha
  2618 | D:3      | Learned a level 4 spell: Flame Wave
  2622 | D:3      | Learned a level 3 spell: Volatile Blastmotes
  2696 | D:3      | Noticed Natasha
  2701 | D:3      | Killed Natasha
  2702 | D:3      | Reached XP level 5. HP: 38/38 MP: 6/11
  2747 | D:3      | Noticed Natasha
  2756 | D:3      | Killed Natasha
  3154 | D:3      | Noticed Ijyb
  3212 | D:4      | Reached skill level 1 in Translocations
  3313 | D:4      | Found a staircase to the Ecumenical Temple.
  3326 | Temple   | Entered the Ecumenical Temple
  3338 | Temple   | Became a worshipper of Sif Muna the Loreminder
  3425 | D:4      | Found a runed translucent gate.
  3425 | D:4      | Found a runed translucent gate.
  3425 | D:4      | Found an opulent altar of Gozag.
  3425 | D:4      | Found a runed translucent gate.
  3425 | D:4      | Noticed whatisthis's ghost (amateur OnMo)
  3425 | D:4      | Noticed a black bear
  3425 | D:4      | Noticed a steam dragon
  3472 | D:4      | Reached skill level 4 in Fire Magic
  3510 | D:4      | Found a glowing drain.
  3520 | Sewer    | Entered a sewer
  3849 | Sewer    | Reached * piety under Sif Muna
  3872 | Sewer    | Reached XP level 6. HP: 45/45 MP: 9/12
  4273 | Sewer    | Reached skill level 1 in Invocations
  4456 | D:4      | Noticed Sigmund
  4466 | D:4      | Killed Sigmund
  4467 | D:4      | Reached skill level 5 in Fire Magic
  4467 | D:4      | Your scales start taking on a lurid green colour.
  4467 | D:4      | Reached XP level 7. HP: 32/50 MP: 0/13
  4467 | D:4      | Gained mutation: Your system is resistant to poisons.
                  | (rPois) [Green Draconian growth]
  4468 | D:4      | Quit the game

Illustrated notes

Levels and vault maps discovered:
D:1:      dpeg_arrival_pits, layout_loops_cross
D:2:      layout_basic
D:3:      layout_basic, serial_curves, eino_curves_03, eino_curves_03,
          nicolae_figureground_pulse, uniq_ijyb, uniq_natasha
D:4:      layout_rooms, minmay_temple_entry_mist, ebering_ghost_gozag,
          mainiacjoe_sewer_entry_somewhere_in_here_1, uniq_sigmund
Temple:   hellmonk_temple_rainy

Skill      XL: |  1  2  3  4  5  6 |
---------------+-------------------+-----
Spellcasting   | 3 4 |  4.0
Conjurations   | 2 3 4 |  4.1
Translocations | 1 2 |  2.0
Fire Magic     | 4 5 |  5.0
Invocations    | 2 |  2.5
Dodging        | |  1.7
Stealth        | |  1.7

Action                     |  1- 3 |  4- 6 |  7- 9 || total
---------------------------+-------+-------+-------++-------
  Melee: Dagger            |    30 |    46 |       ||    76
         Tailslap          |     2 |     6 |       ||     8
         Punch             |     1 |     1 |       ||     2
   Cast: Foxfire           |    16 |       |       ||    16
         Scorch            |    12 |    78 |       ||    90
  Evoke: Wand              |       |     1 |       ||     1
    Use: Scroll            |     1 |     5 |       ||     6
   Stab: Sleeping          |     8 |     3 |       ||    11
 Armour: Skin              |    11 |    53 |       ||    64
  Dodge: Dodged            |    18 |    44 |       ||    62

Table legend: (Time is in decaauts)
 A = Elapsed time spent in this place.
 B = Non-inter-level travel time spent in this place.
 C = Inter-level travel time spent in this place.
 D = Time resting spent in this place.
 E = Time spent auto-exploring this place.
 F = Levels seen in this place.
 G = Mean time per level.
                   A        B        C        D        E       F      G
               +--------+--------+--------+--------+--------+-----+--------+
         Total |   4618 |   4566 |     52 |   1066 |   2418 |   6 |  769.7 |
       Dungeon |   3593 |   3541 |     52 |    528 |   2399 |   4 |  898.2 |
        Temple |     24 |     24 |      0 |      0 |      0 |   1 |   24.0 |
         Sewer |    999 |    999 |      0 |    538 |     19 |   1 |  999.0 |
               +--------+--------+--------+--------+--------+-----+--------+

Top non-repeatable levels by time:
     D:3: 1244 daAuts
     D:2: 1177 daAuts
   Sewer: 999 daAuts
     D:1: 809 daAuts
     D:4: 362 daAuts
  Temple: 24 daAuts
